 Dungeon Crawl Stone Soup version 0.19.1 (webtiles) character file.

1838 XO4YCPATb the Merchant of Misery (level 8, -8/79 HPs)
             Began as a Demonspawn Necromancer on Nov 30, 2016.
             Was a Believer of Kikubaaqudgha.
             Killed by divine providence
             ... invoked by an orc priest
              (14 damage)
             ... on level 7 of the Dungeon.
             The game lasted 00:27:44 (7373 turns).

XO4YCPATb the Merchant of Misery (DsNe)             Turns: 7373, Time: 00:27:45

Health: -8/79      AC: 24    Str:  7 (8)  XL:     8   Next: 87%
Magic:  3/15       EV:  2    Int: 16 (19) God:    Kikubaaqudgha [**....]
Gold:   305        SH:  4    Dex: 17 (19) Spells: 6 memorised, 3 levels left

rFire  . . .     SeeInvis +     q - +2 dagger (elec)
rCold  . . .     Gourm    .     (armour currently unavailable)
rNeg   + + +     Faith    .     (no shield)
rPois  +         Spirit   .     (helmet currently unavailable)
rElec  .         Reflect  +     (cloak currently unavailable)
rCorr  .         Harm     .     (gloves currently unavailable)
MR     .....     NoTele   +     (boots currently unavailable)
Stlth  +++.......               u - +4 amulet of reflection
                                (no ring)
                                i - ring of see invisible

@: agile, lethally poisoned (-8 -> -9), tree-form (expiring)
A: (talons 0), rugged brown scales 1, demonic guardian 1, powered by death 1
a: Receive Corpses, Renounce Religion


You were on level 7 of the Dungeon.
You worshipped Kikubaaqudgha.
Kikubaaqudgha was pleased with you.
You were not hungry.
You were a tree.
You visited 2 branches of the dungeon, and saw 8 of its levels.

You collected 305 gold pieces.

Inventory:

Hand Weapons
 o - a +0 scimitar
 q - a +2 dagger of electrocution (weapon)
Armour
 a - a +0 robe (melded)
 f - a +0 cloak (melded)
 h - a +2 cloak of magic resistance
 n - a +0 pair of gloves (melded)
 A - a cursed +0 helmet (melded)
Jewellery
 i - a ring of see invisible (left branch)
 u - a +4 amulet of reflection (around neck)
Wands
 k - a wand of flame (28/48)
 p - a wand of flame (24/48)
Scrolls
 d - 5 scrolls of enchant armour
 l - a scroll of remove curse
 r - a scroll of enchant weapon
 v - a scroll of magic mapping
 y - a scroll of brand weapon
Potions
 e - 2 potions of brilliance
 t - a potion of cure mutation
Books
 b - a book of Necromancy

   Spells                             Type                      Level
   a - Pain                           Necromancy                   1
   b - Animate Skeleton               Necromancy                   1
   c - Vampiric Draining              Necromancy                   3
   d - Regeneration                   Charms/Necromancy            3
   e - Animate Dead                   Necromancy                   4
   f - Control Undead                 Necromancy                   4
 m - Kikubaaqudgha's Compendium of Necromancy
   (Kikubaaqudgha gifted it to you on level 5 of the Dungeon)

   Spells                             Type                      Level
   a - Animate Skeleton               Necromancy                   1
   b - Corpse Rot                     Necromancy                   2
   c - Sublimation of Blood           Necromancy                   2
   d - Regeneration                   Charms/Necromancy            3
   e - Control Undead                 Necromancy                   4
Comestibles
 c - 5 bread rations
 g - 2 meat rations
 j - 3 chunks of flesh


   Skills:
 * Level 5.1 Long Blades
 - Level 1.7 Dodging
 - Level 1.7 Stealth
 + Level 5.3 Spellcasting
 - Level 3.6 Charms
 + Level 9.0 Necromancy


You had 3 spell levels left.
You knew the following spells:

 Your Spells              Type           Power        Failure   Level  Hunger
a - Pain                  Necr           ####         1%          1    None
b - Animate Skeleton      Necr           N/A          1%          1    None
c - Regeneration          Chrm/Necr      ###.......   3%          3    ###....
d - Animate Dead          Necr           N/A          4%          4    ####...
e - Vampiric Draining     Necr           ####......   1%          3    ###....
f - Sublimation of Blood  Necr           ####......   1%          2    #......


Dungeon Overview and Level Annotations

Branches:
Dungeon (7/15)             Temple (1/1) D:4

Altars:
Cheibriados
Elyvilon
Fedhas
Gozag
Kikubaaqudgha
Makhleb
Nemelex Xobeh
Okawaru
Qazlal
Ru
Sif Muna
Uskayaw
Yredelemnul
The Shining One


Innate Abilities, Weirdness & Mutations

((You have sharp toenails.))
(You are partially covered in rugged brown scales. (AC +1, +3% HP))
A weak demonic guardian rushes to your aid.
You regenerate a little health from kills.


Message History

You hit the orc.
The orc is severely wounded.
The orc hits you but does no damage.
You hit the orc.
You kill the orc!
Kikubaaqudgha accepts your kill.
Unknown command.
Your transformation is almost over.
You feel sick.
You hit the orc.
The orc is severely wounded.
You block the orc's attack.
You barely miss the orc.
The orc is severely wounded.
The orc hits you with a falchion.
* * * LOW HITPOINT WARNING * * *
The orc priest invokes the aid of Beogh against you.
Beogh smites you!
You die...
Kikubaaqudgha rasps: "You have failed me!
Welcome... death!"

# #..........###.####. #
##########....).....<##...o..
#####.......##.....).........####
o..o........##...................
#####.......##...............####
#.5.....##..........######
#.......##..§.§.....#
#)......##.§5§§.....# #........#
#♣####### ########.###o# #5.##o#
##o##r# #### #.##o# #.... #.##o#
......#'##o#### ..........o...#
..............#


You could see an orc priest, 5 orcs, a quokka and a friendly shadow imp.

Vanquished Creatures
  Duvessa (D:5)
  An orc warrior (D:7)
  2 phantoms
  Blork the orc (D:5)
  A big kobold (D:5)
  A bullfrog (D:6)
  2 scorpions
  3 howler monkeys
  A bullfrog zombie (D:5)
  2 crimson imps (D:5)
  A quasit (D:7)
  A hound (D:5)
  An orc priest (D:4)
  A bullfrog skeleton (D:5)
  4 orc wizards
  5 worker ants
  6 adders
  2 oozes
  A worm (D:1)
  2 dart slugs
  3 leopard geckos
  18 orcs
  3 ball pythons
  5 giant cockroaches
  5 hobgoblins
  7 jackals
  28 kobolds
  2 quokkas
  7 bats
  5 frilled lizards
  10 goblins
  A leopard gecko skeleton (D:5)
  A quokka skeleton (D:4)
  A quokka zombie (D:5)
  8 rats
  7 plants (D:5)
150 creatures vanquished.

Vanquished Creatures (collateral kills)
  The ghost of XO4YCPATb the Changer, an amateur TrTm (D:3)
  Menkaure (D:5)
  An orc warrior (D:6)
  An ogre (D:5)
  A centaur (D:6)
  Dowan (D:5)
  A hound (D:6)
  2 orc priests (D:3)
  A centaur skeleton (D:4)
  A worker ant (D:4)
  The ghost of dscm the Digger, a weakling OpEE (D:4)
  A gnoll (D:5)
  An adder (D:3)
  2 orcs (D:3)
  A ball python (D:4)
  A goblin (D:1)
  3 jackals
  A quokka (D:4)
  A frilled lizard (D:4)
  A kobold (D:5)
  2 rats (D:3)
  3 plants (D:5)
29 creatures vanquished.

Vanquished Creatures (others)
  A plant (D:5)
1 creature vanquished.

Grand Total: 180 creatures vanquished

Notes
Turn   | Place    | Note
-------+----------+-------------------------------------------
     0 | D:1      | XO4YCPATb the Demonspawn Necromancer began the quest for the Orb.
     0 | D:1      | Reached XP level 1. HP: 13/13 MP: 3/3
     2 | D:1      | Learned a level 1 spell: Animate Skeleton
   224 | D:1      | Gained mutation: A weak demonic guardian rushes to your aid. [demonic ancestry]
   224 | D:1      | Reached XP level 2. HP: 5/19 MP: 0/5
   252 | D:1      | Reached skill level 5 in Necromancy
   989 | D:1      | Gained mutation: You regenerate a little health from kills. [demonic ancestry]
   989 | D:1      | Reached XP level 3. HP: 2/24 MP: 0/6
  1890 | D:2      | Found a faded altar of an unknown god.
  2075 | D:2      | Reached skill level 6 in Necromancy
  2280 | D:2      | Learned a level 3 spell: Regeneration
  2721 | D:3      | Reached XP level 4. HP: 30/30 MP: 5/7
  2730 | D:3      | Noticed XO4YCPATb's ghost (amateur TrTm)
  3186 | D:3      | Reached skill level 1 in Charms
  3562 | D:3      | Killed XO4YCPATb's ghost
  3562 | D:3      | Reached XP level 5. HP: 32/35 MP: 8/8
  3597 | D:3      | Found a hide-covered altar of Uskayaw.
  3664 | D:3      | Gained mutation: You have sharp toenails. [demonic ancestry]
  3664 | D:3      | Reached XP level 6. HP: 29/41 MP: 1/9
  3855 | D:4      | Learned a level 4 spell: Animate Dead
  3884 | D:4      | Noticed dscm's ghost (weakling OpEE)
  3897 | D:4      | Killed dscm's ghost
  4001 | D:4      | Found a staircase to the Ecumenical Temple.
  4055 | D:4      | Reached skill level 7 in Necromancy
  4059 | Temple   | Entered the Ecumenical Temple
  4114 | Temple   | Became a worshipper of Kikubaaqudgha
  4355 | D:4      | Gained mutation: You are partially covered in rugged brown scales. (AC +1, +3% HP) [demonic ancestry]
  4355 | D:4      | Reached XP level 7. HP: 37/47 MP: 4/11
  4861 | D:5      | Entered Level 5 of the Dungeon
  4861 | D:5      | Noticed Menkaure
  5048 | D:4      | Learned a level 3 spell: Vampiric Draining
  5077 | D:5      | Reached * piety under Kikubaaqudgha
  5077 | D:5      | Identified Kikubaaqudgha's Compendium of Necromancy (Kikubaaqudgha gifted it to you on level 5 of the Dungeon)
  5077 | D:5      | Received a gift from Kikubaaqudgha
  5361 | D:5      | Noticed Duvessa
  5362 | D:5      | Noticed Dowan
  5386 | D:5      | Killed Duvessa
  5386 | D:5      | Reached skill level 1 in Long Blades
  5395 | D:5      | Killed Dowan
  5501 | D:5      | Reached skill level 8 in Necromancy
  5551 | D:5      | Learned a level 2 spell: Sublimation of Blood
  5574 | D:5      | Killed Menkaure
  5574 | D:5      | Reached XP level 8. HP: 28/53 MP: 8/14
  5588 | D:5      | Noticed Blork the orc
  5605 | D:5      | Killed Blork the orc
  6340 | D:5      | Reached ** piety under Kikubaaqudgha
  6946 | D:6      | Reached skill level 5 in Spellcasting
  7364 | D:7      | Reached skill level 5 in Long Blades
  7364 | D:7      | Reached skill level 9 in Necromancy
  7373 | D:7      | Killed from afar by an orc priest

Skill      XL: |  1  2  3  4  5  6  7  8 |
---------------+-------------------------+-----
Necromancy     | 5 6 7 8 9 |  9.0
Charms         | 3 |  3.6
Spellcasting   | 3 4 5 |  5.3
Long Blades    | 2 5 |  5.1
Dodging        | |  1.7
Stealth        | |  1.7

Action                   |  1- 3 |  4- 6 |  7- 9 || total
-------------------------+-------+-------+-------++-------
Melee: Unarmed           |     5 |       |       ||     5
       Club              |     1 |       |       ||     1
       Short sword       |    16 |       |       ||    16
       Hand axe          |     5 |       |       ||     5
       Dagger            |       |    86 |   339 ||   425
       Kick              |       |    10 |   187 ||   197
       Long sword        |       |       |   289 ||   289
 Cast: Pain              |    85 |    47 |    24 ||   156
       Animate Skeleton  |    24 |    16 |    15 ||    55
       Regeneration      |       |     3 |    22 ||    25
       Animate Dead      |       |       |     6 ||     6
       Vampiric Draining |       |       |     9 ||     9
       Sublimation of Bl |       |       |     3 ||     3
Invok: Receive Corpses   |       |       |     1 ||     1
Evoke: Wand              |       |     7 |     1 ||     8
  Use: Scroll            |     2 |     4 |     6 ||    12
       Potion            |       |       |     6 ||     6
 Stab: Sleeping          |       |     1 |     1 ||     2
       Distracted        |       |       |     1 ||     1
  Eat: Chunk             |     8 |     7 |     8 ||    23
       Bread ration      |       |       |     1 ||     1
       Pizza             |       |       |     1 ||     1
       Beef jerky        |       |       |     1 ||     1
Armor: Robe              |     4 |    15 |    80 ||    99
       Skin              |       |       |    13 ||    13
Dodge: Dodged            |    20 |    45 |   166 ||   231
Block: Other             |       |    11 |    49 ||    60
       Reflection        |       |       |     1 ||     1
       Rpst.: Long sword |       |       |     1 ||     1
